[Event "Titled Tuesday Blitz June 27 Early 2023"]
[White "Philippe, Guillaume"]
[Black "Gubajdullin, Alexei"]
[WhiteFideId "36048763"]
[BlackFideId "4141202"]
[WhiteElo "2329"]
[BlackElo "2607"]
[Result "1/2-1/2"]
[Round "9"]
[TimeControl "180+2"]
[Date "2023.06.27"]
[WhiteClock "0:00:07"]
[BlackClock "0:00:09"]
[Board "47"]

1. e4 g6 2. d4 d6 3. Nc3 c6 4. Be3 b5 5. Qd2 Nf6 6. f3 Nbd7 7. a3 Nb6 8. b3 Qc7 9. Bd3 e5 10. Nge2 exd4 11. Bxd4 Bg7 12. O-O O-O 13. Rad1 Bb7 14. Ng3 a6 15. Be3 d5 16. Bh6 Bxh6 17. Qxh6 Qe7 18. f4 Qc5+ 19. Kh1 Qxc3 20. e5 Ng4 21. Qg5 Bc8 22. f5 Nxe5 23. f6 Ng4 24. h3 Qe5 25. Qh4 Nxf6 26. Rxf6 Be6 27. Rdf1 Nd7 28. R6f3 c5 29. Qh6 c4 30. Be2 Rae8 31. Rf4 Qg7 32. Qxg7+ Kxg7 33. bxc4 bxc4 34. Bf3 Nc5 35. Rd4 Rd8 36. Rfd1 Na4 37. Bxd5 Nc3 38. Bxe6 Nxd1 39. Rxd8 Rxd8 40. Bxc4 Ne3 41. Bxa6 Nxc2 42. a4 Nd4 43. Kh2 Ra8 44. Bc4 Rxa4 45. Bd5 Ra5 46. Be4 Ne6 47. Bd3 Nf4 48. Be4 Ra2 49. Bf3 h5 50. Ne4 h4 51. Nc3 Ra1 52. Ne4 Nd3 53. Nd6 f6 54. Ne8+ Kf7 55. Nd6+ Ke6 56. Ne4 f5 57. Ng5+ Kf6 58. Nh7+ Kg7 59. Ng5 Nf2 60. g3 Ra2 61. gxh4 Ne4+ 62. Kg1 Nxg5 63. hxg5 Ra8 64. Kg2 Ra7 65. Kg3 Kf7 66. Bd5+ Ke7 67. h4 Kd6 68. Bg8 Ke5 69. Bc4 Ra3+ 70. Kf2 Kf4 71. Bf7 Ra6 72. h5 Kxg5 73. hxg6 Kf6 74. Kf3 Ra4 75. Be8 Rg4 76. Bf7 Rg5 77. Kf4 Rg4+ 78. Kf3 Ke5 79. Be8 Rg5 80. Bf7 f4 81. Be8 Rg3+ 82. Kf2 Kf6 83. Bf7 Ra3 84. Be8 Ra7 85. Bf7 Ra3 86. Be8 Rg3 87. Bf7 Ke5 88. Be8 Ke4 89. Bc6+ Kd4 90. Be8 Kd3 91. Bb5+ Kd4 92. Be8 Rg5 93. Bf7 Ke4 94. Be8 Kf5 95. Bf7 Kg4 96. Be6+ Kh4 97. Bf7 Kg4 98. Be6+ Kh5 99. Bf7 Kh6 100. Kf3 Rf5 101. Be6 Rf6 102. Bf7 Kg7 103. Be8 Kf8 104. Bf7 Rf5 105. Be6 Rf6 106. Bf7 Kg7 107. Be8 Rf5 108. Bf7 Kf8 109. Be6 Rf6 110. Bf7 1/2-1/2


[Site "https://www.chess.com"]

[Event "Titled Tuesday Blitz June 27 Early 2023"]
[White "De La Villa Garcia, Jesus Maria"]
[Black "Marchesich, Giovanni"]
[WhiteFideId "2200040"]
[BlackFideId "2824790"]
[WhiteElo "2607"]
[BlackElo "2302"]
[Result "1-0"]
[Round "9"]
[TimeControl "180+2"]
[Date "2023.06.27"]
[WhiteClock "0:01:08"]
[BlackClock "0:01:31"]
[Board "48"]

1. c4 c5 2. Nf3 Nf6 3. Nc3 Nc6 4. d4 cxd4 5. Nxd4 e6 6. g3 Qb6 7. Nb3 Ne5 8. e4 Bb4 9. Qe2 Qc7 10. f4 Nc6 11. e5 Ng8 12. Bd2 a6 13. Bg2 Nge7 14. O-O O-O 15. a3 Bxc3 16. Bxc3 b6 17. Rad1 Bb7 18. Rd2 Rfd8 19. Rfd1 a5 20. c5 a4 21. cxb6 Qxb6+ 22. Nd4 d6 23. exd6 Rxd6 24. Kh1 Rad8 25. Nxc6 Bxc6 26. Rxd6 Rxd6 27. Rxd6 Bxg2+ 28. Qxg2 Qxd6 29. Qa8+ 1-0


[Site "https://www.chess.com"]

[Event "Titled Tuesday Blitz June 27 Early 2023"]
[White "Rosh Jain"]
[Black "Sevian, Samuel"]
[WhiteFideId "25789465"]
[BlackFideId "2040506"]
[WhiteElo "2323"]
[BlackElo "3031"]
[Result "1-0"]
[Round "9"]
[TimeControl "180+2"]
[Date "2023.06.27"]
[WhiteClock "0:01:00"]
[BlackClock "0:00:06"]
[Board "49"]

1. e4 c5 2. Nf3 e6 3. d4 cxd4 4. Nxd4 Nc6 5. Nc3 a6 6. Be3 Nf6 7. Be2 Qc7 8. O-O b5 9. a3 Bb7 10. f4 Nxd4 11. Qxd4 d6 12. Bf3 Be7 13. e5 dxe5 14. fxe5 Nd7 15. Bxb7 Qxb7 16. Qf4 O-O 17. Rad1 Rac8 18. Ne4 Rxc2 19. Rf3 Rc4 20. Bd4 Nc5 21. Nf6+ Kh8 22. Rh3 gxf6 23. exf6 Rxd4 24. Qxd4 Bd6 25. Qg4 Rg8 26. Rxh7+ Kxh7 27. Qh5# 1-0


[Site "https://www.chess.com"]

[Event "Titled Tuesday Blitz June 27 Early 2023"]
[White "infinitypoint"]
[Black "Vokhidov, Shamsiddin"]
[BlackFideId "14204223"]
[WhiteElo "2610"]
[BlackElo "2898"]
[Result "0-1"]
[Round "9"]
[TimeControl "180+2"]
[Date "2023.06.27"]
[WhiteClock "0:00:13"]
[BlackClock "0:01:09"]
[Board "50"]

1. d4 g6 2. c4 Bg7 3. Nf3 c5 4. e3 cxd4 5. exd4 Nf6 6. Nc3 O-O 7. Be2 d5 8. O-O Nc6 9. Bf4 dxc4 10. Bxc4 Bg4 11. d5 Na5 12. Be2 Rc8 13. h3 Bxf3 14. Bxf3 Nc4 15. Qe2 Qa5 16. Rac1 Rfe8 17. Rfd1 e5 18. Bg5 e4 19. Bxf6 exf3 20. Qxf3 Nxb2 21. Re1 Bxf6 22. Qxf6 Nd3 23. Rxe8+ Rxe8 24. Rd1 Ne5 25. d6 Nd7 26. Qd4 Qe5 27. Qxe5 Rxe5 28. Nd5 f5 29. f4 Re2 30. Nf6+ Nxf6 31. d7 Nxd7 32. Rxd7 Rb2 33. Kh2 a5 34. a4 b6 35. Rb7 Rb4 36. Kg3 h6 37. Kf3 Rb3+ 38. Kf2 Kf8 39. Ke2 g5 40. fxg5 hxg5 41. Kf2 Rb4 42. Kf3 Ke8 43. g3 Kd8 44. Rg7 Rxa4 45. Rxg5 Rb4 46. Rxf5 a4 47. Rf8+ Kc7 48. Ra8 Kb7 49. Re8 a3 50. Re1 Rb3+ 51. Kf4 b5 52. h4 b4 53. h5 Rb2 54. h6 a2 55. h7 Rh2 56. Re7+ Kb6 57. Re6+ Kb5 58. Re5+ Ka4 59. Re8 Rxh7 60. Ra8+ Kb3 61. g4 Kb2 62. g5 a1=Q 63. Rxa1 Kxa1 64. Kf5 Rg7 65. g6 Rxg6 66. Kxg6 b3 67. Kf5 b2 68. Ke4 b1=Q+ 69. Ke3 Kb2 70. Kd2 Qc2+ 71. Ke3 Kc3 72. Kf4 Qd3 73. Kg4 Qe4+ 74. Kg5 Kd4 75. Kf6 Qe5+ 76. Kf7 Kd5 77. Kg8 Qe7 78. Kh8 Ke6 79. Kg8 Kf6 80. Kh8 Qg7# 0-1


[Site "https://www.chess.com"]

[Event "Titled Tuesday Blitz June 27 Early 2023"]
[White "Baskakov, Egor"]
[Black "Niekras, Dawid"]
[WhiteFideId "24197866"]
[BlackFideId "1160451"]
[WhiteElo "2882"]
[BlackElo "2599"]
[Result "1-0"]
[Round "9"]
[TimeControl "180+2"]
[Date "2023.06.27"]
[WhiteClock "0:00:31"]
[BlackClock "0:00:00"]
[Board "51"]

1. e4 c5 2. Nf3 a6 3. c4 Nc6 4. Nc3 e5 5. g3 g6 6. Bg2 Bg7 7. d3 d6 8. O-O Nge7 9. Nd5 O-O 10. Rb1 h6 11. Ne1 Nxd5 12. cxd5 Nd4 13. Nc2 f5 14. Nxd4 cxd4 15. f4 Kh7 16. Bd2 Bd7 17. Qb3 b5 18. Rbc1 fxe4 19. Bxe4 Bh3 20. Rf2 exf4 21. Rxf4 Qe7 22. Qd1 Bf5 23. Bxf5 Rxf5 24. Rxf5 gxf5 25. Qf3 Rf8 26. Re1 Qc7 27. Bf4 Be5 28. Qh5 Qg7 29. Qf3 Re8 30. Kg2 Qf6 31. Rf1 Bxf4 32. Qxf4 Re5 33. Rc1 Kg6 34. Kh1 Rxd5 35. Qf3 Re5 36. g4 Qe6 37. gxf5+ Qxf5 38. Qg2+ Qg5 39. Qf1 Qf5 40. Qg1+ Qg5 41. Qf1 Qf5 42. Qd1 Qe6 43. Qd2 Qd5+ 44. Qg2+ Qxg2+ 45. Kxg2 Re2+ 46. Kf3 Rxb2 47. Rc6 Kf5 48. Rxd6 Rxa2 49. Rxh6 Rd2 50. Rh5+ Ke6 51. Ke4 Re2+ 52. Kxd4 Kd6 53. Rh6+ Kc7 54. Rxa6 Rxh2 55. Kc5 Rh5+ 56. Kb4 Kb7 57. Rd6 Rg5 58. d4 Kc7 59. Rf6 Rd5 60. Kc3 Rh5 61. Kd3 Rg5 62. Re6 b4 63. Kc4 Kd7 64. Rb6 Rh5 65. Rxb4 Rh6 66. Rb7+ Kc8 67. Rg7 Rf6 68. Kc5 Rh6 69. Rg8+ Kc7 70. Rg7+ Kc8 71. Rf7 Rg6 72. Rf5 Rh6 73. d5 Rg6 74. d6 Kd7 75. Rf7+ Kd8 76. Kc6 Ke8 77. Ra7 Rg1 78. Ra8+ Kf7 79. d7 1-0


[Site "https://www.chess.com"]

[Event "Titled Tuesday Blitz June 27 Early 2023"]
[White "robertoalejandro10"]
[Black "Molina, Roberto Junio Brito"]
[BlackFideId "2109450"]
[WhiteElo "2598"]
[BlackElo "2825"]
[Result "0-1"]
[Round "9"]
[TimeControl "180+2"]
[Date "2023.06.27"]
[WhiteClock "0:00:00"]
[BlackClock "0:00:47"]
[Board "52"]

1. Nf3 d5 2. b3 Bg4 3. Bb2 Nd7 4. g3 e6 5. Bg2 Ngf6 6. O-O Bd6 7. c4 O-O 8. d3 Qe7 9. Nbd2 Ba3 10. Qc2 Bxb2 11. Qxb2 c6 12. Rfe1 e5 13. cxd5 cxd5 14. e3 Rac8 15. b4 Qd6 16. Rac1 h6 17. d4 e4 18. Ne5 Be6 19. a3 Nb6 20. Rxc8 Rxc8 21. Rc1 Nfd7 22. Rxc8+ Nxc8 23. Nxd7 Qxd7 24. Qc3 Nd6 25. Bf1 b6 26. Qc2 h5 27. Be2 h4 28. a4 g5 29. b5 f5 30. Nb3 Kf7 31. Qc3 Qc8 32. Qxc8 Bxc8 33. Kf1 Kf6 34. Ke1 f4 35. Kd2 Be6 36. Nc1 fxg3 37. hxg3 hxg3 38. fxg3 Nf5 39. g4 Nd6 40. Ke1 Ke7 41. Kf2 Kd8 42. Na2 Kc7 43. Nb4 Ne8 44. Kg3 Nf6 45. Bd1 Bd7 46. Bb3 Kd6 47. Bd1 Bc8 48. Be2 Bb7 49. Bd1 Ne8 50. Bb3 Nc7 51. Ba2 a6 52. bxa6 Nxa6 53. Bxd5 Nxb4 54. Bxb7 Nd5 55. Bxd5 Kxd5 56. Kf2 Kc4 57. Ke2 Kb4 58. Kd2 Kxa4 59. Kc3 b5 0-1


[Site "https://www.chess.com"]

[Event "Titled Tuesday Blitz June 27 Early 2023"]
[White "Tanenbaum, Zachary"]
[Black "Ibadov, Dashgyn"]
[WhiteFideId "2060850"]
[BlackFideId "24107514"]
[WhiteElo "2727"]
[BlackElo "2595"]
[Result "1-0"]
[Round "9"]
[TimeControl "180+2"]
[Date "2023.06.27"]
[WhiteClock "0:02:24"]
[BlackClock "0:02:18"]
[Board "53"]

1. e4 e6 2. d4 d5 3. Nc3 Nf6 4. Bg5 Be7 5. e5 Nfd7 6. h4 h6 7. Bxe7 Qxe7 8. Qg4 O-O 9. O-O-O c5 10. f4 cxd4 11. Nb5 Nc6 12. Nf3 f5 13. Qg6 Nb6 14. Ng5 hxg5 15. hxg5 Rd8 16. Rh8+ Kxh8 17. Qh5+ Kg8 18. g6 1-0


[Site "https://www.chess.com"]

[Event "Titled Tuesday Blitz June 27 Early 2023"]
[White "Janaszak, Dawid"]
[Black "Lavrik, Dmitry"]
[WhiteFideId "1119206"]
[BlackFideId "24113190"]
[WhiteElo "2578"]
[BlackElo "2694"]
[Result "0-1"]
[Round "9"]
[TimeControl "180+2"]
[Date "2023.06.27"]
[WhiteClock "0:00:00"]
[BlackClock "0:00:12"]
[Board "54"]

1. e4 c5 2. Nc3 e6 3. Nge2 Nc6 4. g3 g6 5. Bg2 Bg7 6. O-O Nge7 7. d3 O-O 8. Bg5 h6 9. Bf4 e5 10. Be3 d6 11. Qd2 Kh7 12. Nd5 Nxd5 13. exd5 Nd4 14. c3 Nf5 15. c4 Rb8 16. Nc3 a6 17. a4 Bd7 18. Kh1 b5 19. axb5 axb5 20. Ra7 bxc4 21. dxc4 Bc8 22. Nb5 Rb7 23. Ra8 Qe7 24. Rfa1 Bd7 25. R8a5 Rfb8 26. Bf1 e4 27. Bf4 g5 28. Be3 Qe5 29. R1a2 Nxe3 30. fxe3 f5 31. Ra6 Bxb5 32. cxb5 Rf8 33. Ra7 Rxa7 34. Rxa7 f4 35. gxf4 gxf4 36. exf4 Rxf4 37. Bg2 e3 38. Qc2+ Kh8 39. Qe2 Rf2 40. Ra8+ Bf8 41. Qe1 Kg7 42. b6 Qxb2 43. b7 Qxb7 44. Qxe3 Qb1+ 0-1


[Site "https://www.chess.com"]

[Event "Titled Tuesday Blitz June 27 Early 2023"]
[White "Fonseca Manrique, Enrique"]
[Black "Ajay Karthikeyan"]
[WhiteFideId "5114330"]
[BlackFideId "35011685"]
[WhiteElo "2572"]
[BlackElo "2692"]
[Result "1-0"]
[Round "9"]
[TimeControl "180+2"]
[Date "2023.06.27"]
[WhiteClock "0:00:16"]
[BlackClock "0:00:05"]
[Board "55"]

1. e4 c6 2. d4 g6 3. Nf3 Bg7 4. Bd3 Nf6 5. O-O O-O 6. Re1 Na6 7. c3 d6 8. e5 Nd5 9. h3 b5 10. a4 Nac7 11. axb5 cxb5 12. Nbd2 Bb7 13. Ne4 h6 14. Bd2 a6 15. Qc1 Kh7 16. Bc2 Ne6 17. h4 Rc8 18. h5 b4 19. exd6 exd6 20. Ng3 bxc3 21. bxc3 Re8 22. hxg6+ fxg6 23. Bxg6+ Kxg6 24. Qb1+ Kf7 25. Qxb7+ Nec7 26. Ne4 Qd7 27. Rxa6 Rxe4 28. Rxe4 Qf5 29. Re1 Bf6 30. Rxd6 Rg8 31. Rxf6+ Kxf6 32. Qc6+ Ne6 33. c4 Qxf3 34. Qxe6+ Kg7 35. Qxh6+ Kf7 36. Qe6+ Kf8 37. Qxg8+ Kxg8 38. gxf3 Nf6 39. Re6 Nh7 40. Rh6 Nf8 41. c5 Kg7 42. c6 Ne6 43. Rxe6 Kf7 44. Re5 Kf6 45. c7 Kf7 46. c8=Q Kg6 47. Qe6+ Kh7 48. Rh5+ Kg7 49. Rg5+ Kh7 50. Qh3# 1-0


[Site "https://www.chess.com"]

[Event "Titled Tuesday Blitz June 27 Early 2023"]
[White "Korchmar, Vasiliy"]
[Black "Ambartsumova, Karina"]
[WhiteFideId "24131750"]
[BlackFideId "4166299"]
[WhiteElo "2686"]
[BlackElo "2571"]
[Result "1-0"]
[Round "9"]
[TimeControl "180+2"]
[Date "2023.06.27"]
[WhiteClock "0:00:36"]
[BlackClock "0:00:11"]
[Board "56"]

1. e4 e5 2. Nf3 Nc6 3. Bc4 Nf6 4. d3 h6 5. O-O g5 6. d4 Nxe4 7. dxe5 Nc5 8. Nc3 Bg7 9. Re1 O-O 10. Be3 Ne6 11. Bb3 Nxe5 12. Nxe5 Bxe5 13. Qh5 Bg7 14. h4 Nf4 15. Bxf4 gxf4 16. Re4 c6 17. Rxf4 d5 18. Ne2 Qd6 19. c3 Bd7 20. Qf3 Rae8 21. Ng3 Re5 22. Bc2 Qe7 23. Nh5 Rxh5 24. Qxh5 Qe1+ 25. Rxe1 Be5 26. Qxh6 1-0


[Site "https://www.chess.com"]

[Event "Titled Tuesday Blitz June 27 Early 2023"]
[White "Sebag, Marie"]
[Black "Goryachkina, Aleksandra"]
[WhiteFideId "617822"]
[BlackFideId "4147103"]
[WhiteElo "2569"]
[BlackElo "2684"]
[Result "1/2-1/2"]
[Round "9"]
[TimeControl "180+2"]
[Date "2023.06.27"]
[WhiteClock "0:00:17"]
[BlackClock "0:00:03"]
[Board "57"]

1. e4 c6 2. d4 d5 3. e5 Bf5 4. Nf3 e6 5. Be2 Ne7 6. O-O c5 7. c4 Nbc6 8. dxc5 dxc4 9. Na3 Ng6 10. Nxc4 Bxc5 11. Bg5 Qxd1 12. Rfxd1 h6 13. Bd2 O-O 14. Nd6 Bxd6 15. exd6 Rfd8 16. Bc3 Nf4 17. Bc4 Be4 18. d7 Bd5 19. Bd2 Nh3+ 20. gxh3 Bxf3 21. Re1 Rxd7 22. Bc3 Bd5 23. Bf1 Rad8 24. a3 a6 25. Re3 Ne7 26. Rd3 Bc6 27. Rad1 Rxd3 28. Rxd3 Rxd3 29. Bxd3 f6 30. Kf1 Bb5 31. Bxb5 axb5 32. Ke2 e5 33. Kd3 Kf7 34. Bd2 Ke6 35. f4 exf4 36. Bxf4 g5 37. Bd2 Ng6 38. Kd4 b6 39. Kc3 Ne7 40. Kb4 f5 41. Kxb5 Nd5 42. a4 f4 43. b4 f3 44. Be1 Nc3+ 45. Kxb6 Nxa4+ 46. Kc6 Ke5 47. b5 Ke4 48. Kd6 Ke3 49. Ke6 f2 50. Bxf2+ Kxf2 51. Kf6 Kg2 52. Kg6 Kxh3 53. Kxh6 g4 54. Kg5 Nb6 55. Kh5 Nc4 56. Kg5 Nb6 57. Kh5 Nd5 58. Kg5 Nb6 1/2-1/2


[Site "https://www.chess.com"]

[Event "Titled Tuesday Blitz June 27 Early 2023"]
[White "Mirzoev, Azer"]
[Black "Sargsyan, Anna M."]
[WhiteFideId "13400304"]
[BlackFideId "13308130"]
[WhiteElo "2683"]
[BlackElo "2561"]
[Result "0-1"]
[Round "9"]
[TimeControl "180+2"]
[Date "2023.06.27"]
[WhiteClock "0:00:49"]
[BlackClock "0:00:23"]
[Board "58"]

1. c4 c6 2. e4 d5 3. exd5 cxd5 4. cxd5 Nf6 5. Bb5+ Nbd7 6. Nc3 g6 7. Nf3 Bg7 8. d6 exd6 9. Qe2+ Qe7 10. d4 Qxe2+ 11. Bxe2 O-O 12. Bf4 d5 13. O-O a6 14. Rfe1 Nb6 15. Be5 Bf5 16. h3 Rac8 17. g4 Bd7 18. Rac1 h5 19. Nh2 hxg4 20. hxg4 Be6 21. g5 Ne4 22. f4 Bxe5 23. dxe5 Nxc3 24. Rxc3 d4 25. Rxc8 Rxc8 26. Rd1 Rc2 27. Bf3 Rxb2 28. Rxd4 Rxa2 29. Bxb7 a5 30. Rd6 Nc4 31. Nf3 Nxd6 0-1


[Site "https://www.chess.com"]

[Event "Titled Tuesday Blitz June 27 Early 2023"]
[White "Eugene, Floryan"]
[Black "Belov, Alexei"]
[WhiteFideId "20694784"]
[BlackFideId "4128206"]
[WhiteElo "2672"]
[BlackElo "2547"]
[Result "1-0"]
[Round "9"]
[TimeControl "180+2"]
[Date "2023.06.27"]
[WhiteClock "0:00:08"]
[BlackClock "0:00:00"]
[Board "59"]

1. d4 e6 2. c4 d5 3. Nc3 Be7 4. Nf3 Nf6 5. Bg5 Nbd7 6. e3 O-O 7. cxd5 exd5 8. Bd3 c6 9. O-O Re8 10. Qc2 Nf8 11. h3 Ng6 12. Ne5 Nd7 13. Bxe7 Qxe7 14. f4 Ngf8 15. Rae1 f6 16. Nf3 Nb6 17. f5 Bd7 18. Qb3 Qf7 19. Nd2 Re7 20. a4 Rae8 21. Rf3 h6 22. a5 Nc8 23. e4 Nd6 24. Qb4 Nxf5 25. Ref1 Nh4 26. Rg3 Kh8 27. e5 f5 28. Ne2 Ne6 29. Nf3 Qh5 30. Qd2 Rf8 31. Nf4 Nxf4 32. Qxf4 g5 33. Nxg5 hxg5 34. Rxg5 Qh6 35. Be2 Rg7 36. Rh5 Qxh5 37. Bxh5 Nxg2 38. Qh6+ Kg8 39. Kh2 f4 40. Rg1 f3 41. Bxf3 Rxf3 42. e6 Rf2 43. exd7 Nf4+ 44. Kh1 Rxg1+ 45. Kxg1 Rg2+ 46. Kf1 1-0


[Site "https://www.chess.com"]

[Event "Titled Tuesday Blitz June 27 Early 2023"]
[White "Bauman_Guy"]
[Black "Kovalevsky, Stanislav"]
[BlackFideId "13508598"]
[WhiteElo "2670"]
[BlackElo "2489"]
[Result "1-0"]
[Round "9"]
[TimeControl "180+2"]
[Date "2023.06.27"]
[WhiteClock "0:01:52"]
[BlackClock "0:00:12"]
[Board "60"]

1. e4 e6 2. d4 d5 3. Nc3 dxe4 4. Nxe4 Nf6 5. Nxf6+ gxf6 6. Nf3 Nc6 7. g3 Ne7 8. Bg2 Bd7 9. O-O Bc6 10. c4 Qd7 11. b3 O-O-O 12. Bb2 Bg7 13. d5 exd5 14. Nd4 dxc4 15. Nxc6 Nxc6 16. Qh5 Kb8 17. bxc4 Qd2 18. Rab1 Na5 19. Bc1 Qc3 20. Bxb7 Nxb7 21. Qb5 Qf3 22. c5 Rd1 23. c6 Rxf1+ 24. Kxf1 Qh1+ 25. Ke2 Re8+ 26. Be3 Rxe3+ 27. Kxe3 Bh6+ 28. f4 1-0


[Site "https://www.chess.com"]

[Event "Titled Tuesday Blitz June 27 Early 2023"]
[White "Morgunov, Anatoly"]
[Black "Liyanage, Ranindu Dilshan"]
[WhiteFideId "4145909"]
[BlackFideId "9915834"]
[WhiteElo "2478"]
[BlackElo "2668"]
[Result "0-1"]
[Round "9"]
[TimeControl "180+2"]
[Date "2023.06.27"]
[WhiteClock "0:00:24"]
[BlackClock "0:00:14"]
[Board "61"]

1. d4 e6 2. c4 f5 3. Nf3 Nf6 4. g3 b6 5. Bg2 Bb7 6. O-O Be7 7. Nc3 O-O 8. Qc2 d6 9. Bf4 Qe8 10. Ng5 Bxg2 11. Kxg2 Bd8 12. d5 e5 13. Bd2 Qg6 14. Ne6 Re8 15. e3 Nbd7 16. Nb5 Rxe6 17. dxe6 Nc5 18. Nc3 Nxe6 19. Nd5 c6 20. Nxf6+ Qxf6 21. Bc3 Bc7 22. Rad1 Nc5 23. f3 Qf7 24. b4 Nd7 25. Bb2 Nf6 26. Rd2 d5 27. cxd5 Nxd5 28. Qxc6 Rd8 29. Kh1 Rd6 30. Qc4 Nxe3 31. Qxf7+ Kxf7 32. Rxd6 Bxd6 33. Re1 Nc4 34. Bc3 b5 35. Rd1 Ke6 36. Kg1 g5 37. Kf2 Bc7 38. Ke2 Bb6 39. Ra1 Na3 40. Rc1 h6 41. Bd2 Kd7 42. Rc3 Nc4 43. Rd3+ Ke6 44. Bc1 a6 45. Rb3 Kd5 46. Rd3+ Ke6 47. Rb3 e4 48. fxe4 fxe4 49. Rb1 Ke5 50. Bb2+ Ke6 51. Bc3 Ne3 52. Ra1 Nd5 53. Bd2 Bd4 54. Rc1 Kd6 55. Rc8 e3 56. Be1 Nb6 57. Rd8+ Ke5 58. Re8+ Kd5 59. Rd8+ Kc4 60. Rh8 Bxh8 61. h4 Nd5 62. hxg5 hxg5 63. g4 Bc3 64. Bg3 Bxb4 65. Be5 Bc5 66. Bb8 Nf4+ 67. Kf3 e2 68. Bxf4 e1=Q 69. Bxg5 Qd1+ 70. Ke4 Qd4+ 71. Kf5 Qd3+ 72. Kf6 b4 73. Bf4 Bd4+ 74. Be5 a5 75. Bxd4 Qxd4+ 76. Kf5 a4 77. g5 b3 78. g6 b2 79. g7 Qxg7 80. a3 b1=Q+ 81. Kf4 Qd4+ 82. Kf3 Qbe4+ 83. Kg3 Qdd3+ 84. Kh2 Qee2+ 85. Kg1 Qdd1# 0-1


[Site "https://www.chess.com"]

[Event "Titled Tuesday Blitz June 27 Early 2023"]
[White "Zheenbekov, Nurgazy"]
[Black "Alex_Sahakyan2006"]
[WhiteFideId "13800485"]
[WhiteElo "2464"]
[BlackElo "2655"]
[Result "0-1"]
[Round "9"]
[TimeControl "180+2"]
[Date "2023.06.27"]
[WhiteClock "0:00:00"]
[BlackClock "0:00:28"]
[Board "62"]

1. e4 Nc6 2. Nf3 d6 3. d4 Nf6 4. d5 Nb8 5. Bd3 g6 6. O-O Bg7 7. c4 O-O 8. Nc3 e5 9. dxe6 Bxe6 10. h3 Nc6 11. Nd5 Bxd5 12. cxd5 Nb4 13. Bb1 a5 14. a3 Na6 15. Bd2 Nc5 16. Re1 Re8 17. Bc3 Nfxe4 18. Bxg7 Kxg7 19. Bxe4 Rxe4 20. Rxe4 Nxe4 21. Qd4+ Nf6 22. g4 h6 23. h4 Kg8 24. Re1 Nh7 25. Qe4 Qf6 26. b3 Kg7 27. Kg2 Kf8 28. a4 Rc8 29. Qe3 Kg7 30. Rc1 c5 31. Rc4 g5 32. h5 Rc7 33. Re4 Nf8 34. Nd2 Rc8 35. Nc4 Nd7 36. Nxa5 Rb8 37. Nc4 b5 38. axb5 Rxb5 39. Re8 Nb6 40. Nxd6 Qxd6 41. Qc3+ f6 42. Qd3 Qxd5+ 43. Qxd5 Nxd5 0-1


[Site "https://www.chess.com"]

[Event "Titled Tuesday Blitz June 27 Early 2023"]
[White "Titichoca Daza, Daniel"]
[Black "Taspinar, Yanki"]
[WhiteFideId "3309550"]
[BlackFideId "34561188"]
[WhiteElo "2463"]
[BlackElo "2653"]
[Result "0-1"]
[Round "9"]
[TimeControl "180+2"]
[Date "2023.06.27"]
[WhiteClock "0:00:00"]
[BlackClock "0:00:40"]
[Board "63"]

1. Nf3 Nf6 2. g3 g6 3. Bg2 Bg7 4. Rg1 O-O 5. d3 d5 6. Nbd2 c5 7. h3 Nc6 8. g4 e5 9. e4 Re8 10. c3 b6 11. a3 Ba6 12. Bf1 Qc7 13. exd5 Nxd5 14. Ne4 Rad8 15. Qc2 Nf4 16. Bxf4 exf4 17. O-O-O Qe7 18. Ned2 Na5 19. g5 Qe6 20. Kb1 Bb7 21. Rg4 Qf5 22. Nh4 Qe5 23. Nhf3 Qd6 24. Qa4 c4 25. d4 Bc8 26. Nxc4 Nxc4 27. Bxc4 Bxg4 28. hxg4 Re7 29. Rh1 Rde8 30. Ka2 Qc7 31. Rh3 Qb7 32. Qb3 Qe4 33. Bd5 Qe2 34. Rh1 Qxf2 35. Rb1 Qg3 36. Nd2 Qxg4 37. Nc4 Rd8 38. Nd2 Qxg5 39. Bc4 Qg2 40. Rd1 f3 41. Bd5 Bh6 42. Nxf3 Rf8 0-1


[Site "https://www.chess.com"]

[Event "Titled Tuesday Blitz June 27 Early 2023"]
[White "Papasimakopoulos, Alexandros"]
[Black "whiteglovethief"]
[WhiteFideId "4244125"]
[WhiteElo "2648"]
[BlackElo "2460"]
[Result "0-1"]
[Round "9"]
[TimeControl "180+2"]
[Date "2023.06.27"]
[WhiteClock "0:02:35"]
[BlackClock "0:00:13"]
[Board "64"]

1. d4 Nf6 2. c4 g6 3. Nc3 Bg7 4. e4 d6 5. f3 O-O 6. Nge2 c5 7. Be3 Nc6 8. Qd2 a6 9. Rd1 cxd4 10. Nxd4 Nxd4 11. Bxd4 Bd7 12. Be2 Bc6 13. O-O Nd7 14. Be3 Qc7 15. Rc1 Rfc8 16. b4 b6 17. a4 Bxc3 18. Qxc3 Bxa4 19. Bh6 Nf6 20. g4 a5 21. bxa5 Rxa5 22. g5 Ne8 23. f4 e5 24. f5 Qc5+ 25. Kh1 Bc6 26. Bd3 Ra3 27. Qc2 Qd4 28. Rcd1 Rxd3 29. Qxd3 Bxe4+ 30. Qxe4 Qxe4+ 31. Kg1 Rxc4 32. fxg6 hxg6 33. Rd2 Qe3+ 34. Rff2 Rg4+ 35. Kf1 Re4 36. Kg2 b5 37. Rc2 Rf4 38. Rxf4 Qxf4 39. Rc8 Qg4+ 40. Kf2 Qxc8 41. Kg3 Qc4 42. Kh3 b4 43. Kg3 b3 44. Kh3 b2 45. Kg3 b1=Q 46. Bg7 Qbb3+ 47. Kg2 Qcc2+ 48. Kh1 Nxg7 49. h4 Nf5 50. h5 Ng3+ 51. Kg1 Qbb1# 0-1


[Site "https://www.chess.com"]

[Event "Titled Tuesday Blitz June 27 Early 2023"]
[White "Weishaeutel, Moritz"]
[Black "Koepke, Christian"]
[WhiteFideId "12967300"]
[BlackFideId "4655737"]
[WhiteElo "2643"]
[BlackElo "2440"]
[Result "1-0"]
[Round "9"]
[TimeControl "180+2"]
[Date "2023.06.27"]
[WhiteClock "0:00:04"]
[BlackClock "0:00:00"]
[Board "65"]

1. e4 c5 2. d4 cxd4 3. c3 d3 4. Bxd3 g6 5. Nf3 Bg7 6. O-O d6 7. h3 Nc6 8. c4 Nf6 9. Nc3 Nd7 10. Be3 Bxc3 11. bxc3 O-O 12. Bh6 Re8 13. Re1 Nc5 14. Bf1 Be6 15. Nd4 Na5 16. Nb3 f6 17. Nd4 Bxc4 18. Bxc4+ Nxc4 19. f4 e5 20. Nb3 Nb6 21. f5 gxf5 22. exf5 Kh8 23. Qh5 Rg8 24. Rad1 Nxb3 25. axb3 d5 26. Qf7 Rc8 27. c4 Rc7 28. Qh5 d4 29. Qh4 Nd7 30. Bd2 Nc5 31. b4 Nd3 32. Rf1 Rcg7 33. g4 e4 34. Bh6 Rf7 35. Qg3 Ne5 36. Qf4 Nf3+ 37. Kh1 Qe7 38. h4 Nxh4 39. Rxd4 Nf3 40. Rxe4 Qxb4 41. Qxf3 Rd7 42. Be3 Qb2 43. Qf2 Qc3 44. Bd4 Qxc4 45. Bxf6+ Rgg7 46. Bxg7+ Rxg7 47. Rxc4 1-0


[Site "https://www.chess.com"]

[Event "Titled Tuesday Blitz June 27 Early 2023"]
[White "Al-Tarboush, Ward"]
[Black "Melikhov, Evgeny V."]
[WhiteFideId "7601450"]
[BlackFideId "4122046"]
[WhiteElo "2632"]
[BlackElo "2390"]
[Result "1/2-1/2"]
[Round "9"]
[TimeControl "180+2"]
[Date "2023.06.27"]
[WhiteClock "0:01:22"]
[BlackClock "0:00:11"]
[Board "66"]

1. e4 e5 2. Nf3 Nc6 3. Bb5 a6 4. Ba4 Nf6 5. O-O Nxe4 6. d4 b5 7. Bb3 d5 8. dxe5 Be6 9. Nbd2 Bc5 10. Nxe4 dxe4 11. Bxe6 Qxd1 12. Rxd1 fxe6 13. Ng5 O-O 14. Be3 Bxe3 15. fxe3 Nxe5 16. Nxe6 Rf7 17. Rf1 Nc4 18. Rxf7 Kxf7 19. Nxc7 Rd8 20. Rf1+ Ke7 21. Nxa6 Rd2 22. Nb4 Nxe3 23. Re1 Nxc2 24. Rxe4+ Kd6 25. Nxc2 Rxc2 26. Rb4 Kc5 27. a3 g5 28. h3 h5 29. Kh2 h4 30. Rg4 Rxb2 31. Rxg5+ Kc4 32. Rg4+ Kb3 33. Rxh4 Kxa3 34. Rh8 b4 35. Ra8+ Kb3 36. h4 Ra2 37. Rb8 Kc3 38. h5 b3 39. h6 Ra6 40. Rc8+ Kd3 41. Rd8+ Kc2 42. Rc8+ Kd2 43. Rd8+ Kc2 44. Rc8+ Kd2 45. Rd8+ Kc2 1/2-1/2


[Site "https://www.chess.com"]